 Dungeon Crawl Stone Soup version 0.25-a0-251-g572059c (webtiles) character file.

Game seed: 7835877057008910104, levelgen mode: deterministic

2652 EonDragon20 the Infuser (level 9, -1/61 HPs)
             Began as a Merfolk Skald on Dec 5, 2019.
             Was a Believer of Okawaru.
             Slain by a killer bee (3 damage)
             ... on level 9 of the Dungeon.
             The game lasted 00:29:53 (10465 turns).

EonDragon20 the Infuser (Merfolk Skald)            Turns: 10465, Time: 00:29:53

Health: -1/61      AC: 10    Str: 13    XL:     9   Next: 62%
Magic:  13/16      EV: 12    Int: 13    God:    Okawaru [**....]
Gold:   383        SH:  0    Dex: 14    Spells: 10/18 levels left

rFire    . . .     SeeInvis .   x - +1 trident (freeze)
rCold    . . .     Gourm    .   (no shield)
rNeg     . . .     Faith    .   b - +3 leather armour
rPois    .         Spirit   .   w - +0 helmet
rElec    .         Reflect  .   r - scarf {cloud immunity}
rCorr    .         Harm     .   y - +1 pair of gloves
MR       .....                  c - +0 pair of boots
Stlth    +.........             (no amulet)
HPRegen  0.20/turn              (no ring)
MPRegen  0.15/turn              (no ring)

@: about to teleport, hasted, very quick
A: change form in water, swift swim, stealthy swim
a: Heroism, Renounce Religion


You were on level 9 of the Dungeon.
You worshipped Okawaru.
Okawaru was pleased with you.
You were hungry.

You visited 1 branch of the dungeon, and saw 9 of its levels.

You collected 383 gold pieces.

Inventory:

Hand Weapons
 h - a +0 spear of venom
 x - a +1 trident of freezing (weapon)
Armour
 b - a +3 leather armour (worn)
 c - a +0 pair of boots (worn)
 l - a scarf of resistance
 p - the +4 scale mail "Yfyoprut" {+Blink +Inv Str+5 Dex-4}
   (You found it on level 4 of the Dungeon)

   It affects your strength (+5).
   It affects your dexterity (-4).
   It lets you turn invisible.
   It lets you blink.
 r - a scarf of cloud immunity (worn)
 w - a +0 helmet (worn)
 y - a +1 pair of gloves (worn)
Jewellery
 f - an uncursed ring of fire
Wands
 g - a wand of scattershot (5)
 j - a wand of random effects (5)
Scrolls
 a - 5 scrolls of identify
 e - 3 scrolls of teleportation
 i - a scroll of fog
 n - 2 scrolls of remove curse
 o - 4 scrolls of immolation
 q - a scroll of enchant armour
 u - a scroll of magic mapping
Potions
 k - a potion of curing
 m - 2 potions of cancellation
 s - 3 potions of brilliance
 t - a potion of resistance
 v - a potion of haste
 z - a potion of agility
 A - a potion of might
 B - a potion of invisibility
 D - a potion of magic
Comestibles
 d - 17 rations


   Skills:
 - Level 2.1 Fighting
 + Level 8.1 Polearms
 - Level 0.6 Armour
 - Level 2.6 Dodging
 + Level 5.1 Spellcasting
 * Level 8.9 Charms
 * Level 5.9 Translocations


You had 10 spell levels left.
You knew the following spells:

 Your Spells              Type           Power        Failure   Level  Hunger
a - Infusion              Chrm           ####         1%          1    None
b - Shroud of Golubria    Chrm/Tloc      ###...       1%          2    ##.....
c - Spectral Weapon       Hex/Chrm       ##......     12%         3    ###....
d - Song of Slaying       Chrm           ####....     1%          2    ##.....

Your spell library contained the following spells:

 Spells                   Type           Power        Failure   Level  Hunger
 Blink                    Tloc           N/A          3%          2    ##.....
 Regeneration             Chrm/Necr      ##........   12%         3    ###....
 Magic Dart               Conj           #...         24%         1    None
 Call Imp                 Summ           #.......     34%         2    ##.....
 Slow                     Hex            #.......     34%         2    ##.....
 Conjure Flame            Conj/Fire      #.......     56%         3    ###....
 Mephitic Cloud           Conj/Pois/Air  #.......     56%         3    ###....


Dungeon Overview and Level Annotations

Branches:
Dungeon (9/15)             Temple (0/1) D:7            Lair (0/6) D:8
    Orc: D:9-12

Altars:
Gozag
Nemelex Xobeh
Okawaru
Ru
Zin
The Shining One

Shops:
D:6 %=

Annotations:
D:4 Dowan


Message History

Your spectral weapon fades away.
* * * LOW HITPOINT WARNING * * *
The killer bee misses you.
You feel sick. The killer bee barely misses you.
You feel like a meek peon again.
The killer bee rages.
The killer bee stings you but does no damage. x2
Okay, then.
You feel better.
The killer bee stings you but does no damage.
The killer bee stings you.
* * * LOW HITPOINT WARNING * * *
The killer bee misses you. The killer bee stings you.
* * * LOW HITPOINT WARNING * * *
As you read the scroll of teleportation, it crumbles to dust.
You feel strangely unstable. The killer bee closely misses you.
The killer bee stings you.
* * * LOW HITPOINT WARNING * * *
The killer bee stings you.
You die...

####..## #..#
#......# #..#
#......# #..#
#.###.##
#..#####># #.#
####.....##†# .#
#........##.# ..
##.##..y.....# .#
#......y@....#
###..#...y.....#
#....#.........#
#y##.####..>######
#†##.##..|.>......
yy##.##.#...#####
y####.##.##..#####
.. #...#..........
.. ####.#.###.....


You could see 3 killer bees.

Vanquished Creatures
  Grinder (D:3)
  A water moccasin (D:9)
  Duvessa (D:5)
  2 orc warriors (D:7)
  An ice beast (D:5)
  A phantom (D:7)
  3 centaurs
  A bullfrog (D:6)
  3 scorpions
  2 killer bees (D:9)
  A crimson imp (D:6)
  3 howler monkeys
  A bullfrog zombie (D:6)
  A centaur zombie (D:7)
  3 bullfrog skeletons
  3 hounds
  3 orc priests
  4 orc wizards
  Crazy Yiuf (D:3)
  Jessica (D:3)
  Ijyb (D:3)
  Terence (D:3)
  An iguana (D:5)
  10 worker ants
  A killer bee zombie (D:7)
  A hound zombie (D:7)
  A hound skeleton (D:4)
  A worker ant zombie (D:9)
  6 gnolls
  13 adders
  2 shadow imps
  4 worms
  3 dart slugs
  6 leopard geckos
  23 orcs
  3 giant cockroaches
  10 goblins
  11 hobgoblins
  10 jackals
  2 quokkas
  8 bats
  8 frilled lizards
  2 jackal skeletons
  4 kobolds
  A quokka skeleton (D:8)
  8 rats
178 creatures vanquished.

Vanquished Creatures (others)
  3 spectral weapons
3 creatures vanquished.

Grand Total: 181 creatures vanquished

Notes
Turn   | Place    | Note
-------+----------+-------------------------------------------
     0 | D:1      | EonDragon20 the Merfolk Skald began the quest for the Orb.
     0 | D:1      | Reached XP level 1. HP: 16/16 MP: 3/3
   216 | D:1      | Reached XP level 2. HP: 21/22 MP: 5/5
   883 | D:2      | Reached XP level 3. HP: 24/27 MP: 6/6
   887 | D:2      | Learned a level 2 spell: Shroud of Golubria
   891 | D:2      | Learned a level 3 spell: Spectral Weapon
  1321 | D:2      | Reached XP level 4. HP: 25/33 MP: 0/7
  1398 | D:2      | Reached skill level 1 in Translocations
  2231 | D:3      | Found a runed translucent door.
  2232 | D:3      | Noticed Crazy Yiuf
  2239 | D:3      | Killed Crazy Yiuf
  2239 | D:3      | Reached XP level 5. HP: 38/38 MP: 4/8
  2339 | D:3      | Noticed Terence
  2350 | D:3      | Killed Terence
  2437 | D:3      | Noticed Grinder
  2478 | D:3      | Killed Grinder
  2478 | D:3      | Reached skill level 5 in Polearms
  2478 | D:3      | Reached skill level 5 in Charms
  2478 | D:3      | Reached XP level 6. HP: 31/44 MP: 6/10
  3054 | D:3      | Noticed Jessica
  3083 | D:3      | Killed Jessica
  3083 | D:3      | Reached XP level 7. HP: 50/50 MP: 7/11
  3159 | D:3      | Noticed Ijyb
  3168 | D:3      | Killed Ijyb
  3788 | D:4      | Learned a level 2 spell: Song of Slaying
  4085 | D:4      | Found a sparkling altar of Nemelex Xobeh.
  4090 | D:4      | Found a sacrificial altar of Ru.
  4107 | D:4      | Found an iron altar of Okawaru.
  4110 | D:4      | Found a glowing golden altar of the Shining One.
  4123 | D:4      | Became a worshipper of Warmaster Okawaru
  4307 | D:4      | Got a scorched scale mail
  4318 | D:4      | Identified the +4 scale mail "Yfyoprut" {+Blink +Inv Str+5
                  | Dex-4} (You found it on level 4 of the Dungeon)
  4356 | D:5      | Entered Level 5 of the Dungeon
  4391 | D:5      | Noticed Dowan
  4392 | D:5      | Noticed Duvessa
  5400 | D:5      | Killed Duvessa
  5400 | D:5      | Reached XP level 8. HP: 27/56 MP: 9/13
  5591 | D:5      | Paralysed by a crimson imp for 6 turns
  5985 | D:5      | Found an opulent altar of Gozag.
  5988 | D:5      | Found a glowing silver altar of Zin.
  6185 | D:6      | Found Ifenga's Jewellery Emporium.
  7017 | D:6      | Reached * piety under Okawaru
  7170 | D:6      | Found Coehiej's Food Boutique.
  7958 | D:7      | Found a staircase to the Ecumenical Temple.
  8384 | D:7      | Reached skill level 5 in Translocations
  8402 | D:7      | Reached XP level 9. HP: 25/61 MP: 4/15
  9670 | D:8      | Found a staircase to the Lair.
 10074 | D:8      | Reached ** piety under Okawaru
 10236 | D:8      | Reached skill level 5 in Spellcasting
 10443 | D:9      | Noticed a queen bee
 10465 | D:9      | HP: 2/61 [killer bee (5)]
 10465 | D:9      | Slain by a killer bee

Levels and vault maps discovered:
D:1:      dpeg_arrival_ternary, layout_loops_ring, minmay_misc_feat_nine_boxes
D:2:      layout_basic
D:3:      layout_basic, serial_co_window_serial, co_window_paths_b,
          co_window_paths_a, co_window_paths_a, co_window_of_opportunity_a,
          co_window_paths_b, co_window_corner_a, co_window_of_opportunity_a,
          co_window_unsneaky_path_d, co_window_unsneaky_path_d,
          co_window_unsneaky_path_e, co_window_broadway_a, co_window_corner_b,
          co_window_broadway_c, glass_columns_a, glass_columns_a,
          portal_sewer_entry_d, corexii_hall_statues_l, uniq_crazy_yiuf_cottage,
          uniq_grinder, uniq_jessica, uniq_ijyb, uniq_terence
D:4:      layout_rooms, grunt_temple_overflow_cloverleaf, first_ration,
          dk_noncrumbling_4
D:5:      layout_loops_corners, grunt_temple_overflow_gold_and_silver,
          uniq_duvessa
D:6:      minmay_general_purpose_star, layout_basic, serial_shops, shop,
          shop_statue
D:7:      layout_loops_ring, temple_fountains
D:8:      wander_river, layout_rooms, lair_entry_dummy
D:9:      layout_loops_ring, david_orc_5, david_nohive_1

Skill      XL: |  1  2  3  4  5  6  7  8  9 |
---------------+----------------------------+-----
Polearms       | 4 5 6 7 8 |  8.1
Charms         | 4 5 6 7 8 |  8.9
Translocations | 1 2 3 5 |  5.9
Spellcasting   | 3 4 5 |  5.1
Fighting       | |  2.1
Armour         | |  0.6
Dodging        | |  2.6

Action                   |  1- 3 |  4- 6 |  7- 9 || total
-------------------------+-------+-------+-------++-------
Melee: Spear             |   119 |   128 |   254 ||   501
       Trident           |       |       |   219 ||   219
 Cast: Infusion          |     5 |     1 |       ||     6
       Shroud of Golubri |     2 |     2 |     2 ||     6
       Spectral Weapon   |     1 |     8 |    21 ||    30
       Song of Slaying   |       |       |     7 ||     7
Invok: Heroism           |       |       |     2 ||     2
Evoke: Wand              |       |       |     1 ||     1
  Use: Scroll            |     4 |     7 |    16 ||    27
       Potion            |       |       |     5 ||     5
 Stab: Distracted        |       |       |     2 ||     2
       Sleeping          |       |       |     1 ||     1
  Eat: Chunk             |     2 |     7 |    13 ||    22
       Ration            |       |       |     4 ||     4
Armor: Leather armour    |    21 |    20 |   147 ||   188
Dodge: Dodged            |    77 |    54 |   295 ||   426

Table legend:
 A = Non-vault XP
 B = Vault XP
 C = Vault XP percentage of total XP
 D = Non-vault monster count
 E = Vault monster count
 F = Vault count percentage of total count
                 A         B        C        D         E       F
            +---------+---------+-------+---------+---------+-------
      Total |    2949 |     840 |  22.2 |     165 |      13 |   7.3
            +---------+---------+-------+---------+---------+-------
        D:1 |      28 |       0 |   0.0 |      18 |       0 |   0.0
        D:2 |     107 |       0 |   0.0 |      33 |       0 |   0.0
        D:3 |     170 |     433 |  71.8 |      24 |       6 |  20.0
        D:4 |     108 |       0 |   0.0 |       6 |       0 |   0.0
        D:5 |     386 |     145 |  27.3 |       8 |       1 |  11.1
        D:6 |     661 |     140 |  17.5 |      31 |       4 |  11.4
        D:7 |     840 |       0 |   0.0 |      23 |       0 |   0.0
        D:8 |     486 |       0 |   0.0 |      20 |       0 |   0.0
        D:9 |     163 |     122 |  42.8 |       2 |       2 |  50.0
            +---------+---------+-------+---------+---------+-------
